 Dungeon Crawl Stone Soup version 0.30-a0-778-g2ef04afb54 (webtiles) character file.

Game seed: 15020229439790358507

187 Pimp the Trooper (level 5, -1/63 HPs)
             Began as a Demonspawn Fighter on Feb 16, 2023.
             Slain by an ogre
             ... wielding a +0 giant club
              (18 damage)
             ... on level 4 of the Dungeon.
             The game lasted 00:04:12 (2101 turns).

Pimp the Trooper (Demonspawn Fighter)               Turns: 2101, Time: 00:04:13

Health: -1/63      AC: 22    Str: 18    XL:     5   Next: 39%
Magic:  5/5        EV:  2    Int:  9    God:
Gold:   182        SH:  5    Dex: 15    Spells: 4/4 levels left

rFire   . . .      SeeInvis .    a - +0 war axe
rCold   . . .      Faith    .    c - +0 buckler
rNeg    . . .      Spirit   .    (body armour currently unavailable)
rPois   +          Reflect  .    (helmet currently unavailable)
rElec   .          Harm     .    (cloak currently unavailable)
rCorr   .          Rampage  .    (gloves currently unavailable)
Will    .....      NoTele   +    (boots currently unavailable)
Stlth   ++                       (no amulet)
HPRegen 0.30/turn                (no ring)
MPRegen 0.09/turn                (no ring)

@: mighty, tree-form
A: stationary, stasis, torment immunity, boosted hp, thin skeletal structure 1
a: no special abilities


You were on level 4 of the Dungeon.
You were a tree.
You visited 1 branch of the dungeon, and saw 4 of its levels.

You collected 182 gold pieces.

Inventory:

Hand Weapons
 a - a +0 war axe (weapon)
Missiles
 m - a throwing net (quivered)
Armour
 b - a +0 scale mail (melded)
 c - a +0 buckler (worn)
 i - a +0 helmet (melded)
Scrolls
 e - 4 scrolls of identify {unknown}
 h - a scroll of amnesia {unknown}
 j - a scroll of teleportation {unknown}
 k - 2 scrolls of immolation
 n - a scroll of torment {unknown}
 p - a scroll of enchant armour {unknown}
Potions
 g - a potion of curing
 l - a potion of berserk rage {unknown}
 o - a potion of ambrosia {unknown}


   Skills:
 + Level 3.6 Fighting
 + Level 3.4 Axes
 + Level 3.5 Armour
 + Level 0.9 Dodging
 + Level 3.3 Shields


You had 4 spell levels left.
You didn't know any spells.
Your spell library contained the following spells:

 Spells                   Type           Power      Damage    Failure   Level
 Foxfire                  Conj/Fire      0%         2x1d4     47%         1
 Freeze                   Ice            0%         1d3       47%         1
 Summon Small Mammal      Summ           0%         N/A       47%         1
 Lesser Beckoning         Tloc           0%         N/A       63%         2
 Call Canine Familiar     Summ           0%         N/A       85%         3
 Frozen Ramparts          Ice            0%         1d1       85%         3
 Gell's Gravitas          Tloc           0%         N/A       85%         3
 Hailstorm                Conj/Ice       0%         3d3       85%         3
 Summon Guardian Golem    Hex/Summ       0%         N/A       85%         3
 Teleport Other           Tloc           0%         N/A       85%         3
 Fireball                 Conj/Fire      0%         3d3       100%        5
 Starburst                Conj/Fire      0%         6d3       100%        6


Dungeon Overview and Level Annotations

Branches:
Dungeon (4/15)
 Temple: D:4-7

Altars:


Innate Abilities, Weirdness & Mutations

You are a tree.
Your roots penetrate the ground, keeping you stationary.
You cannot be teleported.
You are immune to unholy pain and torment.
Your maximum health is greatly increased.
Your equipment is partially melded.
You have a somewhat thin skeletal structure. (Dex +2, Stealth+)


Message History

The scorpion stings you.
The scorpion stings you but does no damage.
You hit the scorpion but do no damage.
The scorpion is lightly wounded.
The scorpion closely misses you.
You closely miss the scorpion.
The scorpion is lightly wounded.
The scorpion completely misses you. The scorpion stings you.
You closely miss the scorpion. The scorpion barely misses you.
The scorpion stings you.
You hit the scorpion but do no damage. The scorpion stings you.
You hit the scorpion but do no damage.
The scorpion stings you but does no damage. x2
You feel better.
The scorpion stings you but does no damage.
It was a potion of lignification.
You turn into a tree.
Your +0 helmet melds into your body.
Your +0 scale mail melds into your body.
Your roots penetrate the ground.
The scorpion barely misses you.
You feel very mighty all of a sudden.
The scorpion stings you but does no damage.
You slash the scorpion!
The scorpion is heavily wounded.
You block the scorpion's attack. The scorpion stings you.
You slash the scorpion!
You kill the scorpion!
You have reached level 5!
You slash the orc!
You kill the orc!
You slash the ogre!
The ogre is moderately wounded.
The ogre hits you with a +0 giant club!
You barely miss the ogre.
The ogre is moderately wounded.
The ogre hits you with a +0 giant club!
* * * LOW HITPOINT WARNING * * *
You slash the ogre!
The ogre is almost dead.
The ogre hits you with a +0 giant club!!
You die...

#<.....#
#########.####
#####.## #.....#
#.# #.#
#.....###.#####
...
#..#..#.......#
#.#.
##.....#.#.###.#
#.#.#
#........#.###.#
#.# #
#.##.##..#..##.#
...
##.##.##..##.##.#
#.oO♣.##..##.##.#
#..#####........#
#...####.###.####
#.......>###.#
#.)............#
...........#######
##.#........# #
###.$....#
#......#


You could see an ogre and an orc.

Vanquished Creatures
  A scorpion (D:4)
  A jelly (D:4)
  3 adders
  A worm (D:3)
  3 dart slugs
  4 orcs
  4 ball pythons
  2 bats
  6 endoplasms
  2 giant cockroaches
  4 goblins
  11 hobgoblins
  4 quokkas
  2 frilled lizards
  6 kobolds
  5 rats
59 creatures vanquished.

Notes
Turn   | Place    | Note
-------+----------+-------------------------------------------
     0 | D:1      | Pimp the Demonspawn Fighter began the quest for the Orb.
     0 | D:1      | Reached XP level 1. HP: 18/18 MP: 1/1
   153 | D:1      | Gained mutation: You have a somewhat thin skeletal
                  | structure. (Dex +2, Stealth+) [demonic ancestry]
   153 | D:1      | Reached XP level 2. HP: 18/24 MP: 2/2
   552 | D:2      | Reached XP level 3. HP: 29/29 MP: 3/3
   932 | D:2      | Found a faded altar of an unknown god.
  1401 | D:3      | Reached XP level 4. HP: 31/35 MP: 4/4
  2073 | D:4      | Noticed a scorpion
  2074 | D:4      | Noticed an ogre
  2097 | D:4      | Killed a scorpion
  2098 | D:4      | Reached XP level 5. HP: 36/42 MP: 5/5
  2101 | D:4      | Slain by an ogre

Illustrated notes

Levels and vault maps discovered:
D:1:      amcnicky_arrival_single_pillar, layout_basic,
          hangedman_decor_peaks_small, minmay_misc_feat_square
D:2:      layout_loops_ring, hellmonk_ecumenical_altar_blasted, basic_altar
D:3:      layout_basic, st_stairs_12
D:4:      layout_loops_cross, minmay_temple_entry_slanted

Skill      XL: |  1  2  3  4 |
---------------+-------------+-----
Shields        | 3 |  3.3
Axes           | 2 3 |  3.4
Armour         | 3 |  3.5
Fighting       | |  3.6
Dodging        | |  0.9

Action                     |  1- 3 |  4- 6 || total
---------------------------+-------+-------++-------
  Melee: War axe           |   114 |    59 ||   173
    Use: Potion            |     1 |     3 ||     4
 Armour: Scale mail        |    72 |    29 ||   101
         Skin              |       |     1 ||     1
  Dodge: Dodged            |    52 |    28 ||    80
  Block: Buckler           |    20 |    12 ||    32

Table legend: (Time is in decaauts)
 A = Elapsed time spent in this place.
 B = Non-inter-level travel time spent in this place.
 C = Inter-level travel time spent in this place.
 D = Time resting spent in this place.
 E = Time spent auto-exploring this place.
 F = Levels seen in this place.
 G = Mean time per level.
                   A        B        C        D        E       F      G
               +--------+--------+--------+--------+--------+-----+--------+
         Total |   2173 |   2108 |     65 |     52 |   1488 |   4 |  543.2 |
       Dungeon |   2173 |   2108 |     65 |     52 |   1488 |   4 |  543.2 |
               +--------+--------+--------+--------+--------+-----+--------+

Top non-repeatable levels by time:
     D:2: 789 daAuts
     D:3: 690 daAuts
     D:1: 552 daAuts
     D:4: 141 daAuts
